Map: Cactus Valley LE (Void)

Players

prabuty

  • Race: Protoss Protoss
  • Spawn Location: 7:00

GuMiho - Winner!

  • Race: Terran Terran
  • Spawn Location: 11:00

Event: IEM XI Katowice - World Championship 2017

VOD

Have the link to the VOD?

Description

Time

  • Played on: Feb. 28, 2017, 4:40 a.m.
  • Length: 6:01

All games in this series

Show
View Real Time Build Order
Export as new Build Order

prabuty Protoss 

Build Orders: 1 Gate Expand 

Get SALT Encoding   

  12  0:01  Probe (Chrono Boost)  
  13  0:11  Probe (Chrono Boost)  
  14  0:20  Pylon  
  14  0:22  Probe (Chrono Boost)  
  15  0:38  Probe (Chrono Boost)  
  15  0:41  Gateway  
  16  0:47  Assimilator  
  16  0:49  Probe (Chrono Boost)  
  17  0:59  Probe (Chrono Boost)  
  18  1:10  Probe (Chrono Boost)  
  19  1:28  Nexus  
  19  1:34  Cybernetics Core  
  19  1:36  Probe (Chrono Boost)  
  20  1:40  Assimilator  
  21  1:47  Probe (Chrono Boost)  
  21  1:50  Pylon  
  21  1:57  Probe (Chrono Boost)  
  23  2:12  Mothership Core (Chrono Boost)  
  24  2:17  Adept  
  26  2:26  Warp Gate  
  26  2:33  Probe (Chrono Boost)  
  27  2:41  Probe (Chrono Boost)  
  27  2:43  Probe (Chrono Boost)  
  29  2:48  Robotics Facility  
  29  2:51  Adept  
  29  2:52  Probe (Chrono Boost)  
  29  2:56  Probe (Chrono Boost)  
  33  3:03  Probe (Chrono Boost)  
  34  3:07  Probe (Chrono Boost)  
  34  3:12  Twilight Council  
  35  3:13  Gateway  
  35  3:15  Probe (Chrono Boost)  
  36  3:26  Probe (Chrono Boost)  
  37  3:27  Gateway  
  37  3:29  Probe (Chrono Boost)  
  38  3:37  Probe (Chrono Boost)  
  41  3:48  Probe (Chrono Boost)  
  41  3:49  Probe (Chrono Boost)  
  41  3:52  Pylon  
  41  3:54  Immortal  
  41  3:59  Probe (Chrono Boost)  
  46  4:04  Probe (Chrono Boost)  
  46  4:10  Probe (Chrono Boost)  
  46  4:16  Probe (Chrono Boost)  
  47  4:22  Assimilator, Probe (Chrono Boost)  
  48  4:26  Assimilator  
  48  4:28  Probe (Chrono Boost)  
  48  4:29  Pylon  
  49  4:32  Stalker x2  
  54  4:39  Probe (Chrono Boost)  
  54  4:49  Probe (Chrono Boost)  
  54  4:51  Observer  
  54  4:52  Pylon, Probe (Chrono Boost)  
  56  4:57  Stalker  
  56  4:58  Stalker  
  61  5:14  Probe (Chrono Boost)  
  61  5:17  Probe (Chrono Boost)  
  62  5:25  Nexus  
  62  5:26  Probe (Chrono Boost), Stalker x2  
  62  5:27  Stalker  
  62  5:29  Probe (Chrono Boost)  
  60  5:41  Probe (Chrono Boost)  
  60  5:42  Probe (Chrono Boost)  
  39  5:51  Stalker x2  
  39  5:55  Stalker  
Show
View Real Time Build Order
Export as new Build Order

GuMiho Terran - Winner!

Build Orders: Cyclone Opening 

Get SALT Encoding   

  12  0:00  SCV  
  13  0:12  SCV  
  14  0:18  Supply Depot  
  14  0:24  SCV  
  15  0:29  Refinery  
  15  0:39  SCV  
  16  0:45  Barracks  
  16  0:51  SCV  
  17  1:03  SCV  
  18  1:16  SCV  
  19  1:28  SCV  
  20  1:33  Reaper  
  21  1:40  Orbital Command  
  21  1:48  Command Center  
  21  1:57  Factory  
  21  2:05  SCV  
  22  2:08  Supply Depot  
  22  2:12  Barracks Reactor  
  22  2:18  SCV  
  22  2:19  Refinery  
  23  2:30  SCV  
  24  2:42  SCV  
  24  2:43  Cyclone  
  28  2:49  Marine x2  
  30  2:54  SCV  
  31  2:59  Orbital Command  
  31  3:05  Starport  
  31  3:06  Marine  
  31  3:07  Marine, SCV  
  34  3:20  Cyclone  
  34  3:21  SCV  
  34  3:22  Supply Depot  
  34  3:26  Marine, SCV  
  40  3:28  Marine  
  41  3:34  SCV  
  41  3:38  SCV  
  41  3:39  Supply Depot  
  43  3:46  Medivac  
  43  3:47  Marine x2  
  47  3:48  SCV  
  48  3:57  SCV  
  48  4:01  SCV  
  50  4:04  Marine x2, Cyclone  
  50  4:09  SCV  
  55  4:11  Supply Depot  
  55  4:13  SCV  
  56  4:19  Medivac  
  56  4:20  Barracks  
  58  4:25  Marine  
  58  4:27  Marine, Barracks  
  58  4:29  SCV  
  61  4:34  Supply Depot, SCV  
  62  4:43  SCV  
  62  4:45  Marine x2  
  62  4:46  Factory Tech Lab, SCV  
  62  4:50  Engineering Bay  
  65  4:56  SCV  
  65  4:58  SCV  
  65  4:59  Refinery  
  67  5:01  Supply Depot  
  67  5:07  Marine x2  
  67  5:08  Barracks Tech Lab  
  67  5:11  SCV x2  
  67  5:13  Siege Tank  
  74  5:17  Barracks Tech Lab  
  74  5:18  Starport Reactor  
  74  5:20  Refinery  
  74  5:23  SCV  
  74  5:24  SCV  
  75  5:34  Marine x2  
  74  5:35  SCV  
  74  5:36  SCV  
  74  5:39  Marine  
  72  5:48  SCV x2  
  69  5:54  Barracks  
  69  5:55  Barracks  

Tags
 
Add a new tag
Caveats
  • Supply blocks, unpowered buildings, or Contaminate may cause inaccurate times.
  • Supply counts are checked every 10 seconds.